 Dungeon Crawl Stone Soup version 0.29-a0-892-g2c4c91d9db (webtiles) character file.

Game seed: 7039864807878192741

351 reriks the Trooper (level 6, -5/51 HPs)
             Began as a Barachi Fighter on July 23, 2022.
             Slain by a gnoll
             ... wielding a +0 flail
             ... led by a gnoll bouda
              (8 damage)
             ... on level 4 of the Dungeon.
             The game lasted 00:06:44 (4437 turns).

reriks the Trooper (Barachi Fighter)                Turns: 4437, Time: 00:06:45

Health: -5/51      AC:  7    Str: 20    XL:     6   Next: 61%
Magic:  6/6        EV:  9    Int:  8    God:
Gold:   194        SH:  5    Dex: 11    Spells: 5/5 levels left

rFire   . . .      SeeInvis .   a - +1 long sword
rCold   . . .      Faith    .   c - +0 buckler
rNeg    . . .      Spirit   .   b - +0 scale mail
rPois   .          Reflect  .   (no helmet)
rElec   .          Harm     .   (no cloak)
rCorr   .          Rampage  .   (no gloves)
Will    .....                   (no boots)
Stlth   ..........              e - amulet of the acrobat
HPRegen 0.17/turn               (no ring)
MPRegen 0.10/turn               (no ring)

@: mighty, weakened, slow
A: amphibious, slowness 1, strong legs 1, +LOS
a: Hop


You were on level 4 of the Dungeon.
You visited 2 branches of the dungeon, and saw 5 of its levels.
You also visited: Sewer.

You collected 194 gold pieces.

Inventory:

Hand Weapons
 a - a +1 long sword (weapon)
Missiles
 l - 3 silver boomerangs (quivered)
Armour
 b - a +0 scale mail (worn)
 c - a +0 buckler (worn)
Jewellery
 e - an amulet of the acrobat (around neck)
Wands
 d - a wand of flame (24)
Potions
 f - a potion of curing
 g - 2 potions of flight
 h - a potion of magic {unknown}
 i - a potion of ambrosia {unknown}
 j - a potion of invisibility {unknown}
 k - 3 potions of heal wounds


   Skills:
 + Level 5.3 Fighting
 + Level 4.4 Long Blades
 + Level 5.3 Armour
 + Level 4.8 Shields


You had 5 spell levels left.
You didn't know any spells.
Your spell library contained the following spells:

 Spells                   Type           Power      Damage    Failure   Level
 Ensorcelled Hibernation  Hex/Ice        0%         N/A       92%         2
 Spider Form              Tmut/Pois      0%         N/A       99%         3
 Anguish                  Hex/Necr       0%         N/A       100%        4


Dungeon Overview and Level Annotations

Branches:
Dungeon (4/15)             Temple (1/1) D:4           Sewer (visited)

Altars:
Dithmenos
Makhleb
Nemelex Xobeh
Ru
Sif Muna
Trog
Vehumet
Xom
Yredelemnul
Zin

Annotations:
D:4 1 transporter, Veterankin's ghost, amateur HOFi


Innate Abilities, Weirdness & Mutations

You are amphibious.
You cover ground slowly.
You can hop short distances.
You have an extended range of vision and can be seen from far away.


Message History

You slash the gnoll!
You kill the gnoll!
The gnoll closely misses you. The gnoll bouda closely misses you.
The gnoll hits you with a +0 flail. You block the gnoll's attack.
You hit the gnoll.
The gnoll is moderately wounded.
The gnoll bouda barely misses you. The gnoll hits you with a +0 flail!
* * * LOW HITPOINT WARNING * * *
The gnoll barely misses you.
You feel better.
The gnoll is no longer moving quickly.
The gnoll bouda gazes fiercely through you!
You feel your attacks grow feeble.
The gnoll bouda hits you with a +0 club!
* * * LOW HITPOINT WARNING * * *
The gnoll closely misses you. The gnoll barely misses you.
Okay, then.
You aren't carrying any scrolls.
Throw: 3 boomerangs (silver)
Press: ? - help, Q - select action, (/) - cycle Shift-Dir - straight line, f - gnoll
Aim: a gnoll, wielding a +0 flail (moderately wounded, 61% to hit)
Okay, then.
Unknown command.
Unknown command.
You aren't carrying any scrolls.
Unknown command.
Unknown command.
You feel very mighty all of a sudden.
The gnoll bouda gazes fiercely through you!
You feel as though you will be weak longer.
The gnoll bouda closely misses you. The gnoll barely misses you.
The gnoll closely misses you.
You completely miss the gnoll.
The gnoll is moderately wounded.
The gnoll bouda barely misses you. The gnoll hits you with a +0 flail.
* * * LOW HITPOINT WARNING * * *
The gnoll closely misses you. The gnoll bouda barely misses you.
You closely miss the gnoll.
The gnoll is moderately wounded.
The gnoll is no longer moving quickly.
The gnoll hits you with a +0 flail!
You die...

##....###....## #..#
........ #... ...##...#
#..#..# .#8#
.#..###..#..#
#..#..###.###
..#...#..#.####..#...
..... #.###.#.#...)...#
.....
#...#.#.#......##########
#.>.#.#.####.............
#...#.#g## ##............
#.###.#.#@# ###.....#####
..#...#.g#g# #....##
.#..###..#.g# #....# ....
#...##...# #....#
##.....###....## #.....#
... ##...#####......# #.
###....#.......#
#.............
##.g..####.


You could see a gnoll bouda and 2 gnolls.

Vanquished Creatures
  A kobold brigand (Sewer)
  Ijyb (D:3)
  An iguana (D:2)
  3 gnolls
  7 adders
  2 river rats
  2 worms
  3 dart slugs
  7 orcs
  7 bats
  10 endoplasms
  4 giant cockroaches
  4 goblins
  6 hobgoblins
  12 jackals
  11 kobolds
  4 quokkas (D:2)
  3 ball pythons
  3 frilled lizards
  12 rats
103 creatures vanquished.

Notes
Turn   | Place    | Note
-------+----------+-------------------------------------------
     0 | D:1      | reriks the Barachi Fighter began the quest for the Orb.
     0 | D:1      | Reached XP level 1. HP: 18/18 MP: 1/1
    24 | D:1      | Reached XP level 2. HP: 16/25 MP: 2/2
   343 | D:1      | Reached XP level 3. HP: 12/30 MP: 3/3
  1070 | D:2      | Found a faded altar of an unknown god.
  1254 | D:2      | Reached XP level 4. HP: 38/38 MP: 4/4
  1798 | D:3      | Noticed Ijyb
  1811 | D:3      | Killed Ijyb
  2044 | D:3      | Found a glowing drain.
  2056 | D:3      | Reached XP level 5. HP: 33/43 MP: 5/5
  2060 | Sewer    | Entered a sewer
  2292 | Sewer    | Noticed a kobold brigand
  2350 | Sewer    | Killed a kobold brigand
  2517 | Sewer    | Found a glowing silver altar of Zin.
  2697 | D:3      | Reached skill level 5 in Fighting
  2698 | D:3      | Reached skill level 5 in Armour
  2806 | D:3      | Found a radiant altar of Vehumet.
  2808 | D:3      | Reached XP level 6. HP: 51/51 MP: 6/6
  3826 | D:3      | Found a shimmering altar of Xom.
  3828 | D:3      | Identified the +2 pair of boots "Osaoxocs" {Str+3 Slay+3}
  3979 | D:4      | Noticed Veterankin's ghost (amateur HOFi)
  3980 | D:4      | Found a transporter.
  4290 | D:4      | Found a staircase to the Ecumenical Temple.
  4297 | Temple   | Entered the Ecumenical Temple
  4437 | D:4      | Slain by a gnoll

Illustrated notes

Levels and vault maps discovered:
D:1:      sevenhm_arrival_forest_fort_small_6, layout_rooms,
          minmay_misc_feat_more_columns
D:2:      layout_basic, hellmonk_ecumenical_altar_heavens_door
D:3:      minmay_diamond_boxcup, layout_loops_cross, tgw_xom, vehumet_crystals,
          portal_sewer_entry_a, uniq_ijyb
D:4:      layout_layer_cave, minmay_temple_entry_steel_oval,
          gammafunk_ghost_mausoleum, uniq_menkaure, uniq_duvessa
Temple:   nicolae_temple_superstar

Skill      XL: |  1  2  3  4  5 |
---------------+----------------+-----
Fighting       | 4 5 |  5.3
Armour         | 4 5 |  5.3
Long Blades    | 3 4 |  4.4
Shields        | 4 |  4.8

Action                   |  1- 3 |  4- 6 || total
-------------------------+-------+-------++-------
Melee: Long sword        |   141 |   230 ||   371
  Use: Scroll            |       |     4 ||     4
       Potion            |       |     3 ||     3
Armor: Scale mail        |    72 |    94 ||   166
Dodge: Dodged            |   128 |   158 ||   286
Block: Buckler           |    39 |    56 ||    95

Table legend: (Time is in decaauts)
 A = Elapsed time spent in this place.
 B = Non-inter-level travel time spent in this place.
 C = Inter-level travel time spent in this place.
 D = Time resting spent in this place.
 E = Time spent auto-exploring this place.
 F = Levels seen in this place.
 G = Mean time per level.
                   A        B        C        D        E       F      G
               +--------+--------+--------+--------+--------+-----+--------+
         Total |   4933 |   4745 |    188 |   1838 |   1924 |   6 |  822.2 |
       Dungeon |   4276 |   4098 |    178 |   1543 |   1732 |   4 | 1069.0 |
        Temple |    123 |    114 |      9 |      0 |    102 |   1 |  123.0 |
         Sewer |    533 |    533 |      0 |    295 |     90 |   1 |  533.0 |
               +--------+--------+--------+--------+--------+-----+--------+

Top non-repeatable levels by time:
     D:3: 1428 daAuts
     D:2: 1341 daAuts
     D:1: 1120 daAuts
   Sewer: 533 daAuts
     D:4: 386 daAuts
  Temple: 123 daAuts
